Map: Waterfall

Players

soO - Winner!

  • Race: Zerg Zerg
  • Spawn Location: 1:00

Kelazhur

  • Race: Terran Terran
  • Spawn Location: 7:00

Event: DreamHack SC2 Masters 2022 Atlanta (Offline)

VOD

Have the link to the VOD?

Description

Time

  • Played on: Nov. 18, 2022, 8:28 p.m.
  • Length: 12:30

All games in this series

Show
View Real Time Build Order
Export as new Build Order

soO Zerg - Winner!

Build Orders: Hatch First 

Get SALT Encoding   

  12  0:00  Drone  
  13  0:12  Overlord  
  13  0:17  Drone  
  14  0:30  Drone x2  
  16  0:47  Hatchery  
  15  0:50  Drone  
  15  0:54  Drone  
  17  0:57  Drone  
  18  1:08  Extractor  
  17  1:12  Spawning Pool  
  17  1:16  Drone  
  17  1:19  Drone  
  18  1:27  Drone  
  19  1:38  Drone  
  20  1:49  Drone  
  21  1:59  Queen x2  
  21  2:00  Zergling x4  
  27  2:10  Overlord  
  27  2:11  Drone  
  28  2:29  Drone  
  29  2:31  Drone  
  29  2:32  Extractor  
  29  2:33  Overlord  
  29  2:35  Queen  
  31  2:38  Queen  
  31  2:39  Metabolic Boost  
  33  2:45  Drone x3  
  33  2:49  Extractor  
  36  2:53  Drone x2  
  38  3:04  Overlord  
  38  3:07  Drone  
  38  3:10  Drone  
  40  3:13  Drone x2  
  42  3:20  Drone x2  
  42  3:21  Lair  
  42  3:24  Extractor  
  43  3:27  Drone  
  43  3:30  Drone  
  45  3:36  Drone  
  45  3:39  Hatchery  
  45  3:45  Queen, Overlord  
  45  3:47  Drone  
  48  3:51  Overlord  
  48  3:55  Drone x2  
  50  3:57  Drone  
  50  3:58  Drone  
  52  4:03  Drone x3  
  52  4:08  Drone  
  56  4:12  Zergling x2  
  57  4:18  Zergling x4, Overlord  
  57  4:23  Spire  
  58  4:26  Drone x2, Extractor x2  
  58  4:32  Queen  
  58  4:36  Drone x2  
  58  4:38  Drone x2  
  64  4:40  Drone  
  64  4:44  Spore Crawler, Drone  
  64  4:45  Overseer  
  65  4:46  Drone  
  66  4:53  Drone  
  66  4:54  Drone x2  
  66  4:55  Drone  
  66  4:59  Baneling Nest  
  65  5:16  Drone x2  
  65  5:20  Drone  
  68  5:24  Drone x2  
  68  5:25  Drone  
  71  5:35  Mutalisk x5  
  73  5:37  Drone  
  73  5:38  Overlord  
  73  5:39  Overlord  
  73  5:41  Overlord  
  82  5:43  Overlord  
  82  5:49  Spore Crawler  
  79  5:50  Drone x2  
  79  5:51  Spore Crawler  
  79  5:52  Drone x3  
  84  5:57  Drone x2  
  84  5:58  Drone  
  84  6:01  Drone x2  
  84  6:02  Drone x4  
  93  6:12  Overlord  
  93  6:17  Overlord  
  93  6:18  Zerg Flyer Weapons Level 1  
  93  6:19  Drone, Centrifugal Hooks  
  93  6:20  Drone x3  
  93  6:23  Extractor  
  93  6:24  Mutalisk x2  
  100  6:35  Drone x3  
  103  6:40  Evolution Chamber x2  
  103  6:41  Mutalisk x2  
  103  6:42  Mutalisk  
  103  6:46  Overlord  
  107  6:52  Overlord  
  107  6:58  Mutalisk x3  
  107  7:00  Hatchery  
  112  7:06  Zergling x14  
  119  7:13  Zerg Ground Armor Level 1, Zerg Melee Weapons Level 1  
  119  7:15  Spore Crawler  
  118  7:19  Zergling x18  
  127  7:24  Baneling x7  
  127  7:26  Drone x3  
  130  7:32  Zergling x6  
  133  7:39  Zergling x8  
  132  7:48  Zergling x10  
  137  7:51  Baneling x14  
  137  7:52  Overlord  
  137  7:53  Overseer  
  137  7:57  Overlord  
  137  8:00  Overlord  
  137  8:09  Overlord  
  137  8:13  Drone x8  
  137  8:17  Zerg Flyer Weapons Level 2, Hatchery  
  137  8:18  Mutalisk x2  
  148  8:25  Zergling x14  
  148  8:27  Baneling x3  
  155  8:35  Overlord  
  155  8:36  Zergling x8  
  159  8:43  Overlord  
  158  8:55  Zergling x20  
  150  9:00  Pneumatized Carapace  
  150  9:03  Zergling x10  
  150  9:07  Baneling x5  
  150  9:08  Baneling x4  
  150  9:09  Zerg Melee Weapons Level 2, Zerg Ground Armor Level 2  
  155  9:15  Zergling x20  
  163  9:24  Zergling x14  
  163  9:27  Baneling x8  
  170  9:33  Zergling x10  
  174  9:39  Mutalisk x2  
  174  9:40  Hatchery  
  174  9:41  Overseer  
  174  9:45  Zergling x10  
  182  9:57  Mutalisk x3  
  188  10:00  Zergling x10  
  180  10:10  Zergling x10  
  166  10:23  Zergling x2  
  139  10:28  Zergling x26  
  139  10:29  Zergling x6  
  150  10:38  Mutalisk x4  
  150  10:41  Zergling x6  
  161  10:49  Zergling x8  
  161  10:54  Infestation Pit  
  161  10:57  Baneling x20  
  160  10:59  Zergling x20  
  160  11:03  Drone  
  171  11:05  Zergling x6  
  172  11:12  Zergling x8  
  172  11:14  Baneling x6  
  172  11:15  Extractor  
  175  11:18  Zergling x2  
  175  11:19  Zergling x6, Extractor  
  175  11:21  Baneling x3  
  175  11:24  Zergling x14  
  169  11:35  Zergling x20  
  168  11:42  Zergling x2  
  168  11:43  Zergling x12  
  175  11:52  Drone  
  175  11:53  Drone  
  177  11:56  Zergling x14, Baneling x16  
  177  11:57  Zergling x4  
  186  12:02  Drone  
  186  12:03  Drone x3  
  186  12:05  Baneling x4  
  186  12:06  Baneling x2  
  186  12:07  Drone x3  
  193  12:10  Hatchery  
Show
View Real Time Build Order
Export as new Build Order

Kelazhur Terran 

Build Orders: Reaper Expand, Hellion Banshee 

Get SALT Encoding   

  12  0:00  SCV  
  13  0:12  SCV  
  14  0:17  Supply Depot  
  14  0:24  SCV  
  15  0:38  SCV  
  15  0:40  Barracks  
  16  0:43  Refinery  
  16  0:51  SCV  
  17  1:03  SCV  
  18  1:15  SCV  
  19  1:27  Reaper, Orbital Command  
  20  1:39  Command Center  
  20  1:50  Supply Depot  
  20  1:53  SCV  
  21  1:59  Marine  
  22  2:05  SCV  
  23  2:08  Factory  
  23  2:16  Refinery  
  23  2:17  SCV  
  23  2:21  Barracks Reactor  
  24  2:31  SCV  
  25  2:43  SCV  
  26  2:54  Starport  
  26  2:56  SCV  
  26  2:58  Orbital Command  
  27  3:03  Hellion x2  
  31  3:08  SCV  
  31  3:09  Barracks Tech Lab  
  32  3:20  SCV  
  32  3:24  SCV  
  32  3:26  Supply Depot, Hellion  
  38  3:27  Hellion  
  38  3:33  SCV  
  39  3:36  SCV  
  39  3:38  Banshee  
  39  3:39  Cloaking Field  
  43  3:42  Barracks Tech Lab  
  43  3:45  SCV  
  44  3:49  SCV  
  44  3:54  Hellion x2  
  49  3:57  Supply Depot  
  49  3:58  SCV  
  50  4:04  Stimpack  
  50  4:06  SCV  
  51  4:10  SCV  
  52  4:18  Supply Depot, SCV  
  52  4:22  SCV  
  54  4:26  Command Center  
  54  4:27  Banshee  
  54  4:30  SCV  
  58  4:34  SCV  
  59  4:42  Barracks  
  59  4:43  SCV, Barracks  
  59  4:45  Marine  
  60  4:47  SCV  
  60  4:51  Factory Reactor  
  62  4:55  SCV  
  62  4:59  SCV  
  64  5:03  Marine  
  65  5:07  SCV  
  65  5:11  SCV  
  65  5:13  Engineering Bay  
  65  5:14  Engineering Bay  
  67  5:15  Refinery  
  67  5:17  Refinery  
  67  5:19  SCV  
  67  5:21  Marine  
  65  5:23  SCV  
  65  5:25  Starport Reactor  
  65  5:26  Supply Depot  
  67  5:28  Barracks  
  67  5:29  Barracks  
  67  5:31  SCV  
  67  5:32  Marine x2  
  67  5:35  SCV, Factory Reactor  
  69  5:41  Terran Infantry Armor Level 1, Terran Infantry Weapons Level 1  
  69  5:42  Supply Depot  
  70  5:44  SCV  
  70  5:47  SCV  
  72  5:52  Orbital Command  
  72  5:54  Marine x5  
  76  6:02  Combat Shield  
  76  6:03  Missile Turret x2  
  76  6:06  Medivac  
  76  6:07  Medivac  
  76  6:10  SCV  
  81  6:12  SCV  
  81  6:14  Marine x3  
  82  6:22  Barracks Reactor, Marine  
  82  6:23  Widow Mine x2  
  88  6:31  Barracks Reactor  
  84  6:33  Marine  
  84  6:34  SCV  
  84  6:36  Medivac  
  84  6:38  Armory  
  87  6:40  Marine  
  87  6:42  Marine x2  
  90  6:47  SCV  
  90  6:49  Medivac  
  90  6:50  Marine  
  94  6:55  Supply Depot, Orbital Command  
  94  6:56  Supply Depot  
  94  6:58  SCV  
  94  6:59  SCV  
  94  7:00  Marine x5  
  94  7:01  Marine  
  101  7:14  Supply Depot  
  101  7:18  SCV x2, Marine x4  
  101  7:19  Bunker, Widow Mine  
  101  7:22  Medivac x2, Marine  
  109  7:23  Widow Mine, Marine  
  117  7:30  SCV  
  117  7:35  SCV x2, Marine  
  120  7:40  Marine  
  120  7:43  Marine x4  
  125  7:54  Supply Depot x2, Terran Infantry Weapons Level 2  
  125  7:59  Terran Infantry Armor Level 2  
  125  8:06  Supply Depot  
  125  8:13  Refinery, Factory  
  125  8:15  Medivac x2, Marine x4  
  125  8:16  SCV x3, Widow Mine x2  
  125  8:17  Marine  
  141  8:22  Supply Depot  
  141  8:24  Supply Depot  
  141  8:27  Marine x4  
  141  8:28  SCV x3  
  148  8:35  Command Center  
  148  8:47  Marine  
  132  8:56  Widow Mine x2, Marine x2  
  132  8:57  Marine x4  
  132  8:59  Marine  
  143  9:04  Factory Tech Lab  
  143  9:06  Missile Turret  
  143  9:07  Marine  
  143  9:08  Marine  
  143  9:09  Medivac x2, Sensor Tower  
  149  9:12  SCV x3  
  149  9:13  Marine  
  149  9:14  Marine x2  
  149  9:15  Marine x3  
  158  9:17  Marine  
  159  9:31  Terran Vehicle Weapons Level 1  
  159  9:32  Supply Depot  
  159  9:33  Marine  
  159  9:36  Supply Depot  
  157  9:39  Supply Depot  
  157  9:46  Thor, Marine x4  
  157  9:47  SCV, Widow Mine x2  
  170  9:59  Marine  
  166  10:00  Marine x4  
  166  10:04  Marine x2  
  146  10:07  Barracks x2  
  146  10:08  Widow Mine x2  
  146  10:09  Marine  
  146  10:10  Barracks, Marine  
  146  10:11  Liberator  
  150  10:17  Marine x4  
  141  10:27  Marine x4  
  107  10:30  Widow Mine x2, Marine  
  106  10:36  Medivac  
  106  10:41  Marine x3  
  106  10:48  Orbital Command  
  106  10:49  SCV  
  103  10:50  SCV, Planetary Fortress  
  103  10:51  Widow Mine x2  
  103  10:55  Marine x2  
  110  11:02  SCV  
  110  11:03  Missile Turret  
  111  11:04  SCV  
  107  11:12  Widow Mine, Marine x6  
  107  11:14  SCV  
  107  11:15  SCV  
  107  11:16  SCV  
  118  11:23  Widow Mine  
  118  11:24  Marine  
  118  11:25  Marauder  
  123  11:26  SCV  
  123  11:28  SCV  
  123  11:32  Medivac x2  
  105  11:36  Marine x2  
  105  11:38  Widow Mine, Marine  
  105  11:39  Marine x2  
  73  11:45  Widow Mine, Marine x3  
  78  11:47  Marine  
  78  11:51  Marine  
  78  11:52  Marauder, Marine  
  78  11:54  Marine x2  
  83  11:56  SCV x2  
  83  12:00  Widow Mine  
  90  12:06  Marine x2  
  95  12:09  Widow Mine, Marine x4  
Tags
 
Add a new tag
Caveats
  • Supply blocks, unpowered buildings, or Contaminate may cause inaccurate times.
  • Supply counts are checked every 10 seconds.